PBL
KELOWNA HEAT @ TIJUANA TOROS
07/24/2044
 
TOP OF THE 1ST
Kelowna Heat batting - Pitching for Tijuana Toros : LHP Bryan Rouse
Pitching: LHP Bryan Rouse
Batting: RHB Sadataka Kuwahara 0-0: SINGLE (Line Drive, 34D, EV 99.4 MPH)
Batting: RHB Miguel Gonzalez 0-0: Ball
1-0: Called Strike
1-1: Ball
2-1: Swinging Strike
2-2: Strikes out swinging
Batting: LHB Chris West 0-0: Ball
1-0: Called Strike
1-1: Ball
2-1: Foul Ball, location: 2F
2-2: Ball
3-2: Strikes out swinging
Batting: RHB Billy Pranger 0-0: Ball
1-0: Swinging Strike
1-1: Ball
2-1: SINGLE (Groundball, 4MD, EV 101.9 MPH)
Sadataka Kuwahara to second
Runner from 2nd tries for 3rd, SAFE, throw by CF made to third
Batting: LHB Steve Nevis 0-0: Swinging Strike
0-1: Ball
1-1: Fly out, F7 (Flyball, 78D, EV 86.2 MPH)
Top of the 1st over - 0 runs, 2 hits, 0 errors, 2 left on base; Kelowna 0 - Tijuana 0
BOTTOM OF THE 1ST
Tijuana Toros batting - Pitching for Kelowna Heat : RHP Dan Giles
Pitching: RHP Dan Giles
Batting: RHB Theo Schepers 0-0: Ball
1-0: Foul Ball, location: 2F
1-1: Fly out, F4 (Flyball, 4D, EV 86.9 MPH)
Pitching: RHP Rory Bornt
Batting: LHB Steve Pond 0-0: Called Strike
0-1: Called Strike
0-2: SOLO HOME RUN (Flyball, 89XD, EV 110.0 MPH), Distance : 404 ft
Batting: RHB Chad Rojas 0-0: Fly out, F9 (Flyball, 9LS, EV 89.4 MPH)
Batting: LHB Nate Kee 0-0: Ball
1-0: Swinging Strike
1-1: Foul Ball, location: 2F
1-2: Foul Ball, location: 2F
1-2: Foul Ball, location: 2F
1-2: Ball
2-2: Foul Ball, location: 2F
2-2: Foul Ball, location: 2F
2-2: TRIPLE (Line Drive, 78XD, EV 103.1 MPH)
Batting: RHB Joe Bower 0-0: Fly out, F3 (Popup, 23F, EV 90.6 MPH)
Bottom of the 1st over - 1 run, 2 hits, 0 errors, 1 left on base; Kelowna 0 - Tijuana 1
TOP OF THE 2ND
Kelowna Heat batting - Pitching for Tijuana Toros : LHP Bryan Rouse
Batting: RHB Malik Sharpless 0-0: Ball
1-0: Foul Ball, location: 2F
1-1: Fly out, F1 (Line Drive, P, EV 64.4 MPH)
Batting: RHB Josh Truell 0-0: Ball
1-0: Ball
2-0: Called Strike
2-1: SINGLE (Flyball, 89S, EV 95.0 MPH)
Batting: LHB Takaaki Nishimoto 0-0: Called Strike
0-1: Called Strike
0-2: Ball
1-2: Strikes out swinging
Batting: RHB Dave Putnam 0-0: Ball
1-0: Called Strike
1-1: Ball
2-1: Fly out, F8 (Flyball, 78XD, EV 111.2 MPH)
Top of the 2nd over - 0 runs, 1 hit, 0 errors, 1 left on base; Kelowna 0 - Tijuana 1
BOTTOM OF THE 2ND
Tijuana Toros batting - Pitching for Kelowna Heat : RHP Rory Bornt
Batting: RHB David Watkins 0-0: Called Strike
0-1: Ball
1-1: Foul Ball, location: 2F
1-2: Fly out, F3 (Popup, 3F, EV 65.0 MPH)
Batting: RHB Mike Kaczor 0-0: Foul Ball, location: 2F
0-1: Ball
1-1: Called Strike
1-2: Strikes out swinging
Batting: SHB Shane Marcum 0-0: Ball
1-0: Ball
2-0: Ball
3-0: Called Strike
3-1: Base on Balls
Batting: RHB Will Barksdale 0-0: Ball
1-0: Foul Ball, location: 2F
1-1: Ball
2-1: Foul Ball, location: 2F
2-2: Foul Ball, location: 2F
2-2: Ball
3-2: Base on Balls
Shane Marcum to second
Batting: RHB Theo Schepers 0-0: Ball
1-0: Called Strike
1-1: Foul Ball, location: 2F
1-2: Ball
2-2: Ball
3-2: Base on Balls
Shane Marcum to third
Will Barksdale to second
Batting: LHB Steve Pond 0-0: Ball
1-0: Fly out, F9 (Flyball, 89D, EV 75.0 MPH)
Bottom of the 2nd over - 0 runs, 0 hits, 0 errors, 3 left on base; Kelowna 0 - Tijuana 1
TOP OF THE 3RD
Kelowna Heat batting - Pitching for Tijuana Toros : LHP Bryan Rouse
Batting: RHB Sadataka Kuwahara 0-0: Ball
1-0: Fly out, F9 (Flyball, 9LM, EV 88.1 MPH)
Batting: RHB Miguel Gonzalez 0-0: Ball
1-0: Ball
2-0: Ball
3-0: Called Strike
3-1: Foul Ball, location: 2F
3-2: Foul Ball, location: 2F
3-2: Base on Balls
Batting: LHB Chris West 0-0: Swinging Strike
0-1: Ball
1-1: Ball
Miguel Gonzalez steals 2nd base
2-1: Ball
3-1: Fly out, F7 (Flyball, 7LM, EV 103.1 MPH)
Runner from 2nd tags up, SAFE at 3rd with throw by LF
Batting: RHB Billy Pranger 0-0: Ball
1-0: Ball
2-0: SINGLE (Line Drive, 7S, EV 104.4 MPH)
Miguel Gonzalez scores
Batting: LHB Steve Nevis 0-0: Ball
1-0: SINGLE (Line Drive, 9LS, EV 110.0 MPH)
Billy Pranger to second
Runner from 2nd tries for 3rd, SAFE, throw by RF made to third
Batting: RHB Malik Sharpless 0-0: Called Strike
0-1: Ball
1-1: Ball
2-1: Called Strike
2-2: Fielders Choice at 2nd, 6-4 (Groundball, 6, EV 86.2 MPH)
Top of the 3rd over - 1 run, 2 hits, 0 errors, 2 left on base; Kelowna 1 - Tijuana 1
BOTTOM OF THE 3RD
Tijuana Toros batting - Pitching for Kelowna Heat : RHP Rory Bornt
Batting: RHB Chad Rojas 0-0: Called Strike
0-1: SINGLE (Line Drive, 78S, EV 105.6 MPH)
Batting: LHB Nate Kee 0-0: Ball
1-0: Ball
Chad Rojas steals 2nd base
2-0: Called Strike
2-1: Called Strike
2-2: Foul Ball, location: 2F
2-2: Ground out 4-3 (Groundball, 4, EV 103.8 MPH)
Chad Rojas to third
Batting: RHB Joe Bower 0-0: Ball
1-0: Called Strike
1-1: Swinging Strike
1-2: Foul Ball, location: 2F
1-2: DOUBLE (Line Drive, 9LD, EV 97.5 MPH)
Chad Rojas scores
Pitching: RHP Jonathan Simi
Batting: RHB David Watkins 0-0: Foul Ball, location: 2F
0-1: Called Strike
0-2: Ball
1-2: Strikes out swinging
Batting: RHB Mike Kaczor 0-0: Ball
1-0: Ball
2-0: Called Strike
2-1: Swinging Strike
2-2: Foul Ball, location: 2F
2-2: Foul Ball, location: 2F
2-2: DOUBLE (Flyball, 89D, EV 105.0 MPH)
Joe Bower scores
Batting: SHB Shane Marcum 0-0: Called Strike
0-1: Foul Ball, location: 2F
0-2: Ground out 3-1 (Groundball, 34, EV 86.9 MPH)
Bottom of the 3rd over - 2 runs, 3 hits, 0 errors, 1 left on base; Kelowna 1 - Tijuana 3
TOP OF THE 4TH
Kelowna Heat batting - Pitching for Tijuana Toros : LHP Bryan Rouse
Batting: RHB Josh Truell 0-0: Ball
1-0: Called Strike
1-1: Called Strike
1-2: Ball
2-2: SINGLE (Line Drive, 4MD, EV 97.5 MPH)
Batting: LHB Takaaki Nishimoto 0-0: Called Strike
0-1: Ball
1-1: 2-RUN HOME RUN (Flyball, 9LD, EV 91.9 MPH), Distance : 334 ft
Batting: RHB Dave Putnam 0-0: Called Strike
0-1: Ball
1-1: Ball
2-1: Ball
3-1: Foul Ball, location: 2F
3-2: Foul Ball, location: 2F
3-2: Foul Ball, location: 2F
3-2: Base on Balls
Batting: RHB Sadataka Kuwahara 0-0: SINGLE (Groundball, 5D, EV 95.0 MPH)
Dave Putnam to second
Batting: RHB Miguel Gonzalez 0-0: Ball
1-0: Ball
2-0: Ball
3-0: Base on Balls
Dave Putnam to third
Sadataka Kuwahara to second
Batting: LHB Chris West 0-0: Foul Ball, location: 2F
0-1: Foul Ball, location: 2F
0-2: Ball
1-2: Ball
2-2: DOUBLE (Line Drive, 89D, EV 108.8 MPH)
Dave Putnam scores
Sadataka Kuwahara scores
Miguel Gonzalez to third
Batting: RHB Billy Pranger 0-0: Ball
1-0: Foul Ball, location: 2F
1-1: Ball
2-1: Swinging Strike
2-2: Ball
3-2: SINGLE (Line Drive, 89S, EV 108.1 MPH)
Miguel Gonzalez scores
Chris West to third
Pitching: RHP Alfredo Sanchez
Batting: LHB Steve Nevis 0-0: Fielders Choice at 2nd, 6-4 (Groundball, 6, EV 82.5 MPH)
Chris West scores
Batting: RHB Malik Sharpless 0-0: Ball
Steve Nevis is caught stealing 2nd base 2-4
1-0: Called Strike
1-1: Foul Ball, location: 2F
1-2: Ball
2-2: Foul Ball, location: 2F
2-2: Ball
3-2: Foul Ball, location: 2F
3-2: Foul Ball, location: 2F
3-2: Ground out 6-3 (Groundball, 6, EV 100.0 MPH)
Top of the 4th over - 6 runs, 5 hits, 0 errors, 0 left on base; Kelowna 7 - Tijuana 3
BOTTOM OF THE 4TH
Tijuana Toros batting - Pitching for Kelowna Heat : RHP Jonathan Simi
Batting: RHB Will Barksdale 0-0: Called Strike
0-1: Ball
1-1: Called Strike
1-2: Ball
2-2: SINGLE (Line Drive, 8RM, EV 107.5 MPH)
Batting: RHB Theo Schepers 0-0: Ball
1-0: Ball
Passed Ball!
Will Barksdale to second
2-0: Ball
3-0: Base on Balls
Batting: LHB Steve Pond 0-0: Ball
1-0: Foul Ball, location: 2F
1-1: Ball
2-1: Ball
3-1: Swinging Strike
3-2: SINGLE (Groundball, 34D, EV 104.4 MPH)
Will Barksdale to third
Theo Schepers to second
Batting: RHB Chad Rojas 0-0: Ball
1-0: Ball
2-0: Ball
3-0: Called Strike
3-1: Base on Balls
Will Barksdale scores
Theo Schepers to third
Steve Pond to second
Batting: LHB Nate Kee 0-0: Swinging Strike
0-1: Ball
1-1: Fly out, F8 (Flyball, 8LD, EV 84.4 MPH)
Runner from 3rd tags up, SCORES, no throw by CF
Batting: RHB Joe Bower 0-0: Fly out, F8 (Flyball, 8RD, EV 90.6 MPH)
Pinch Hitting: LHB Chris Buchan 0-0: Called Strike
0-1: Foul Ball, location: 2F
0-2: Ball
Wild Pitch!
Steve Pond to third
Chad Rojas to second
1-2: Strikes out swinging
Bottom of the 4th over - 2 runs, 2 hits, 0 errors, 2 left on base; Kelowna 7 - Tijuana 5
TOP OF THE 5TH
Kelowna Heat batting - Pitching for Tijuana Toros : RHP Alfredo Sanchez
Now at 1B: Chris Buchan
Batting: RHB Josh Truell 0-0: Foul Ball, location: 2F
0-1: Foul Ball, location: 2F
0-2: Strikes out swinging
Batting: LHB Takaaki Nishimoto 0-0: Ball
1-0: Called Strike
1-1: Called Strike
1-2: Foul Ball, location: 2F
1-2: Ball
2-2: Fly out, F6 (Popup, 6M, EV 57.5 MPH)
Batting: RHB Dave Putnam 0-0: Ball
1-0: Ball
2-0: Ground out 6-3 (Groundball, 56, EV 100.0 MPH)
Top of the 5th over - 0 runs, 0 hits, 0 errors, 0 left on base; Kelowna 7 - Tijuana 5
BOTTOM OF THE 5TH
Tijuana Toros batting - Pitching for Kelowna Heat : RHP Jonathan Simi
Batting: RHB Mike Kaczor 0-0: Ball
1-0: Ball
2-0: Ground out 4-3 (Groundball, 4, EV 81.9 MPH)
Batting: SHB Shane Marcum 0-0: Ball
1-0: Called Strike
1-1: Ball
2-1: Fly out, F8 (Flyball, 8LS, EV 73.8 MPH)
Batting: RHB Will Barksdale 0-0: Called Strike
0-1: Swinging Strike
0-2: Ball
1-2: SOLO HOME RUN (Flyball, 7LD, EV 96.2 MPH), Distance : 366 ft
Pitching: RHP Ricky Fo
Batting: RHB Theo Schepers 0-0: Ground out 6-3 (Groundball, 6, EV 83.8 MPH)
Bottom of the 5th over - 1 run, 1 hit, 0 errors, 0 left on base; Kelowna 7 - Tijuana 6
TOP OF THE 6TH
Kelowna Heat batting - Pitching for Tijuana Toros : RHP Alfredo Sanchez
Batting: RHB Sadataka Kuwahara 0-0: Called Strike
0-1: Swinging Strike
0-2: Ball
1-2: Strikes out swinging
Batting: RHB Miguel Gonzalez 0-0: Foul Ball, location: 2F
0-1: Ball
1-1: Foul Ball, location: 2F
1-2: Foul Ball, location: 2F
1-2: Strikes out swinging
Pitching: RHP Seved Landgre
Batting: LHB Chris West 0-0: Ground out 6-3 (Groundball, 6, EV 100.0 MPH)
Top of the 6th over - 0 runs, 0 hits, 0 errors, 0 left on base; Kelowna 7 - Tijuana 6
BOTTOM OF THE 6TH
Tijuana Toros batting - Pitching for Kelowna Heat : RHP Ricky Fo
Batting: LHB Steve Pond 0-0: Swinging Strike
0-1: Called Strike
0-2: Strikes out swinging
Batting: RHB Chad Rojas 0-0: Ball
1-0: Ball
2-0: Fly out, F5 (Popup, 6S, EV 81.2 MPH)
Batting: LHB Nate Kee 0-0: Ball
1-0: Foul Ball, location: 2F
1-1: SINGLE (Groundball, 6MS, EV 70.6 MPH) (infield hit)
Batting: RHB Joe Bower 0-0: Ball
Nate Kee steals 2nd base
1-0: Ball
2-0: Fly out, F9 (Flyball, 9LD, EV 103.1 MPH)
Bottom of the 6th over - 0 runs, 1 hit, 0 errors, 1 left on base; Kelowna 7 - Tijuana 6
TOP OF THE 7TH
Kelowna Heat batting - Pitching for Tijuana Toros : RHP Seved Landgre
Batting: RHB Billy Pranger 0-0: Ball
1-0: Ball
2-0: Called Strike
2-1: Foul Ball, location: 2F
2-2: Strikes out looking
Batting: LHB Steve Nevis 0-0: Ball
1-0: Called Strike
1-1: Swinging Strike
1-2: Ball
2-2: Ball
3-2: Strikes out swinging
Batting: RHB Malik Sharpless 0-0: Called Strike
0-1: Called Strike
0-2: Strikes out swinging
Top of the 7th over - 0 runs, 0 hits, 0 errors, 0 left on base; Kelowna 7 - Tijuana 6
BOTTOM OF THE 7TH
Tijuana Toros batting - Pitching for Kelowna Heat : RHP Ricky Fo
Pitching: RHP Chance Robinson
Batting: LHB Chris Buchan 0-0: Foul Ball, location: 2F
0-1: Hit by Pitch
Batting: RHB Mike Kaczor 0-0: Sac Bunt to 25 - play at first, batter OUT! 5-4
Chris Buchan to second
Batting: SHB Shane Marcum 0-0: Called Strike
0-1: Called Strike
0-2: Strikes out looking
Batting: LHB Mesfin Azagba 0-0: DOUBLE (Line Drive, 9LS, EV 97.5 MPH)
Chris Buchan scores
Batting: RHB Theo Schepers 0-0: Called Strike
0-1: Ball
Wild Pitch!
Mesfin Azagba to third
1-1: Swinging Strike
1-2: Fly out, F4 (Popup, 4, EV 76.9 MPH)
Bottom of the 7th over - 1 run, 1 hit, 0 errors, 1 left on base; Kelowna 7 - Tijuana 7
TOP OF THE 8TH
Kelowna Heat batting - Pitching for Tijuana Toros : RHP Seved Landgre
Batting: RHB Josh Truell 0-0: Ball
1-0: Called Strike
1-1: Foul Ball, location: 2F
1-2: Strikes out swinging
Batting: LHB Takaaki Nishimoto 0-0: Ball
1-0: Ball
2-0: Ball
3-0: Base on Balls
Batting: RHB Dave Putnam 0-0: Ball
1-0: Ball
2-0: Fly out, F7 (Flyball, 7, EV 86.9 MPH)
Batting: RHB Sadataka Kuwahara 0-0: Ball
1-0: Called Strike
1-1: Foul Ball, location: 2F
1-2: Fly out, F4 (Popup, 4S, EV 60.6 MPH)
Top of the 8th over - 0 runs, 0 hits, 0 errors, 1 left on base; Kelowna 7 - Tijuana 7
BOTTOM OF THE 8TH
Tijuana Toros batting - Pitching for Kelowna Heat : RHP Chance Robinson
Pitching: LHP Jimmy Heinecke
Pinch Hitting: RHB Pat Adams 0-0: Swinging Strike
0-1: Ball
1-1: Swinging Strike
1-2: Foul Ball, location: 2F
1-2: Ball
2-2: Ball
3-2: Foul Ball, location: 2F
3-2: Foul Ball, location: 2F
3-2: Ground out 6-3 (Groundball, 6, EV 78.8 MPH)
Batting: RHB Chad Rojas 0-0: Foul Ball, location: 2F
0-1: Fly out, F9 (Flyball, 89S, EV 87.5 MPH)
Pinch Hitting: RHB Ruben Irizarry 0-0: Called Strike
0-1: Ball
1-1: Ground out U3 (Groundball, 34, EV 104.4 MPH)
Bottom of the 8th over - 0 runs, 0 hits, 0 errors, 0 left on base; Kelowna 7 - Tijuana 7
TOP OF THE 9TH
Kelowna Heat batting - Pitching for Tijuana Toros : RHP Seved Landgre
Pitching: RHP Jordan Amaker
Now at 2B: Theo Schepers
Now at SS: Pat Adams
Now in LF: Justin Curran
Now in RF: Joe Bower
Batting: RHB Miguel Gonzalez 0-0: Ball
1-0: Swinging Strike
1-1: Foul Ball, location: 2F
1-2: Strikes out swinging
Batting: LHB Chris West 0-0: Swinging Strike
0-1: Swinging Strike
0-2: Ball
1-2: Ball
2-2: Ball
3-2: Strikes out swinging
Batting: RHB Billy Pranger 0-0: Foul Ball, location: 2F
0-1: Ball
1-1: Fly out, F3 (Popup, 3SF, EV 83.8 MPH)
Top of the 9th over - 0 runs, 0 hits, 0 errors, 0 left on base; Kelowna 7 - Tijuana 7
BOTTOM OF THE 9TH
Tijuana Toros batting - Pitching for Kelowna Heat : LHP Jimmy Heinecke
Pitching: LHP Sean Binns
Batting: RHB Joe Bower 0-0: Called Strike
0-1: Ball
1-1: Ball
2-1: Swinging Strike
2-2: Foul Ball, location: 2F
2-2: Ball
3-2: DOUBLE (Line Drive, 7LS, EV 107.5 MPH)
Batting: LHB Chris Buchan 0-0: SINGLE (Flyball, 8LS, EV 95.6 MPH)
Joe Bower to third
Batting: RHB Mike Kaczor 0-0: SINGLE (Flyball, 7S, EV 85.0 MPH)
Joe Bower scores
Bottom of the 9th over - 1 run, 3 hits, 0 errors, 0 left on base; Kelowna 7 - Tijuana 8
Game Over ... Tijuana defeats Kelowna, 8 to 7
Thursday, March 31st , 2022 - OOTP Baseball 22.12 Build 89